 Dungeon Crawl Stone Soup version 0.28.0 (webtiles) character file.

Game seed: 17544819427246063145

613 HallandMoats the Ruffian (level 7, -5/70 HPs)
             Began as a Troll Monk on Feb 7, 2022.
             Was an Initiate of Gozag.
             Killed from afar by tizbic2's ghost (7 damage)
             ... with a magic dart
             ... on level 4 of the Dungeon.
             The game lasted 00:05:01 (3182 turns).

HallandMoats the Ruffian (Troll Monk)               Turns: 3182, Time: 00:05:01

Health: -5/70      AC:  4    Str: 22    XL:     7   Next: 20%
Magic:  6/6        EV: 11    Int:  6    God:    Gozag
Gold:   217        SH:  0    Dex: 12    Spells: 6/6 levels left

rFire   + . .      SeeInvis .     - Unarmed
rCold   . . .      Faith    .   (no shield)
rNeg    . . .      Spirit   .   a - +0 robe
rPois   .          Reflect  .   (helmet restricted)
rElec   .          Harm     .   (no cloak)
rCorr   .          Rampage  .   (gloves unavailable)
Will    .....                   (boots unavailable)
Stlth   ++........              (no amulet)
HPRegen 1.01/turn               e - ring of protection from fire
MPRegen 0.10/turn               (no ring)

@: mighty, invisible
A: large, unfitting armour, claws 3, regeneration 1, shaggy fur 1, tough skin 1
a: Renounce Religion, Potion Petition, Call Merchant, Bribe Branch


You were on level 4 of the Dungeon.
You worshipped Gozag.
Gozag was aware of your devotion.
You visited 1 branch of the dungeon, and saw 4 of its levels.

You collected 609 gold pieces.
You spent 152 gold pieces at shops.
You paid 240 gold pieces to Gozag.

Inventory:

Missiles
 i - a throwing net (quivered)
Armour
 a - a +0 robe (worn)
 k - the +0 cloak of Eqew {Rampage rCorr Int-2 Slay-5}
   (You bought it in a shop on level 3 of the Dungeon)

   Int:       It affects your intelligence (-2).
   Slay:      It affects your accuracy & damage with ranged weapons and melee
   (-5).
   rCorr:     It protects you from acid and corrosion.
   Rampage:   It bestows one free step when moving towards enemies.
Jewellery
 e - a ring of protection from fire (left claw)
Scrolls
 d - a scroll of amnesia {unknown}
 f - a scroll of teleportation {unknown}
 g - a scroll of silence {unknown}
 j - 2 scrolls of identify {unknown}
 l - a scroll of fog {unknown}
 m - a scroll of blinking {unknown}
 n - a scroll of noise {unknown}
Potions
 b - a potion of mutation {unknown}
 c - a potion of lignification {unknown}
 h - a potion of heal wounds


   Skills:
 + Level 4.0 Fighting
 + Level 2.9 Armour
 + Level 4.0 Dodging
 - Level 1.0 Stealth
 + Level 4.9 Unarmed Combat


You had 6 spell levels left.
You didn't know any spells.
Your spell library contained the following spells:

 Spells                   Type           Power      Damage    Failure   Level
 Call Canine Familiar     Summ           0%         N/A       83%         3
 Confusing Touch          Hex            0%         N/A       83%         3
 Portal Projectile        Hex/Tloc       0%         N/A       83%         3
 Leda's Liquefaction      Hex/Erth       0%         N/A       99%         4
 Yara's Violent Unravell  Hex/Tmut       0%         3d3       100%        5
 Enfeeble                 Hex            0%         N/A       100%        7


Dungeon Overview and Level Annotations

Branches:
Dungeon (4/15)
 Temple: D:4-7

Altars:
Dithmenos
Gozag
Okawaru
Xom
Zin

Shops:
D:2 [   D:3 [

Annotations:
D:4 tizbic2's ghost, amateur OgCj


Innate Abilities, Weirdness & Mutations

You are too large for most types of armour.
You have claws for hands.
Your natural rate of healing is unusually fast.
You are covered in fur. (AC +1)
You have tough skin. (AC +1)


Message History

You swing at nothing.
You feel sick.
Tizbic2's ghost is no longer distracted by gold.
Tizbic2's ghost points at you and mumbles some strange words.
The magic dart hits you.
You swing at nothing.
You feel sick.
You swing at nothing.
You feel sick.
You barely miss tizbic2's ghost.
You feel sick. Tizbic2's ghost hits you!
You scratch tizbic2's ghost.
Tizbic2's ghost is lightly damaged.
You feel sick. Tizbic2's ghost hits you!
You scratch tizbic2's ghost.
Tizbic2's ghost is moderately damaged.
You feel sick. Tizbic2's ghost hits you!
* * * LOW HITPOINT WARNING * * *
You scratch tizbic2's ghost but do no damage.
Tizbic2's ghost is moderately damaged.
You feel sick.
You are no longer poisoned.
Tizbic2's ghost gestures at you while chanting.
The magic dart hits you!
* * * LOW HITPOINT WARNING * * *
[a] - 240 gold - invisibility and might [b] - 506 gold - haste, brilliance, heal wounds and curing [c] - 756 gold - resistance, might, haste and lignification Purchase which effect?
You don't have enough gold for that! [a] - 240 gold - invisibility and might [b] - 506 gold - haste, brilliance, heal wounds and curing [c] - 756 gold - resistance, might, haste and lignification Purchase which effect?
You no longer have enough gold to petition Gozag for potion effects.
You fade into invisibility!
You feel very mighty all of a sudden. Tizbic2's ghost hits you!
* * * LOW HITPOINT WARNING * * *
You barely miss tizbic2's ghost.
Tizbic2's ghost is moderately damaged.
Tizbic2's ghost points at you and mumbles some strange words.
The magic dart hits you!
You die...
Your body crumbles into a pile of gold.

#.########..... #.# ###.#. #.#
#######.... #.# #......#.#. #[#
#.#####.... ## #####.# #.# ##.#.
.# ##...#.###.# #.<.. .#
#######........# ##.#. .#
≈$≈≈≈≈W@#####..# #.... .#
#######.# #..# ###.#. .# ##..#
#..# #..... .# #### #..####.#.#.
.# #........... .#
#####....[..#.#. .##########
#..........##... ..........#
#.#####........#
......###.########.#####.......##


You could see tizbic2's ghost.

Vanquished Creatures
  Sigmund (D:3)
  A bullfrog (D:4)
  An orc priest (D:4)
  A hound (D:4)
  An orc wizard (D:4)
  Natasha (thrice) (D:3)
  A hound skeleton (D:4)
  Robin (D:3)
  5 adders
  4 gnolls
  A shadow imp (D:4)
  An adder skeleton (D:4)
  3 worms
  2 dart slugs (D:2)
  11 orcs
  6 ball pythons
  8 endoplasms
  5 giant cockroaches
  15 goblins
  11 hobgoblins
  2 quokkas
  8 bats
  2 frilled lizards (D:1)
  5 kobolds
  2 rats (D:2)
101 creatures vanquished.

Vanquished Creatures (others)
  A plant (D:2)
1 creature vanquished.

Grand Total: 102 creatures vanquished

Notes
Turn   | Place    | Note
-------+----------+-------------------------------------------
     0 | D:1      | HallandMoats the Troll Monk began the quest for the Orb.
     0 | D:1      | Reached XP level 1. HP: 22/22 MP: 0/0
   270 | D:1      | Reached XP level 2. HP: 29/29 MP: 1/1
   696 | D:1      | Reached XP level 3. HP: 36/36 MP: 2/2
   723 | D:1      | Reached skill level 1 in Armour
   804 | D:2      | Found Redounk's Antique Armour Boutique.
   869 | D:2      | Found Cyppiomo's Antique Weapon Boutique.
   887 | D:2      | Found a faded altar of an unknown god.
   895 | D:2      | Reached XP level 4. HP: 44/44 MP: 3/3
   943 | D:2      | Prayed at the altar of an unknown god.
   943 | D:2      | Became a worshipper of Gozag Ym Sagoz the Greedy
  1305 | D:3      | Identified the +2 helmet "Unip" {Will+ Regen+}
  1305 | D:3      | Noticed Robin
  1327 | D:3      | Killed Robin
  1510 | D:3      | Noticed Natasha
  1526 | D:3      | Killed Natasha
  1527 | D:3      | Reached XP level 5. HP: 50/53 MP: 4/4
  1617 | D:3      | Noticed Sigmund
  1629 | D:3      | Killed Sigmund
  1630 | D:3      | Reached XP level 6. HP: 32/61 MP: 5/5
  1870 | D:3      | Found a glowing silver altar of Zin.
  1876 | D:3      | Found Lauptim's Antique Armour Emporium.
  1882 | D:3      | Bought a distressingly furry cloak for 152 gold pieces
  1882 | D:3      | Identified the +0 cloak of Eqew {Rampage rCorr Int-2
                  | Slay-5} (You bought it in a shop on level 3 of the Dungeon)
  2103 | D:3      | Noticed Natasha
  2113 | D:3      | Killed Natasha
  2246 | D:3      | Noticed Natasha
  2249 | D:3      | Killed Natasha
  2290 | D:4      | Found an iron altar of Okawaru.
  2312 | D:4      | Found a shadowy altar of Dithmenos.
  2474 | D:4      | Identified the +10 plate armour "Ygachez" {-Cast -Tele +Inv
                  | rElec}
  2645 | D:4      | Found a shimmering altar of Xom.
  2758 | D:4      | Reached XP level 7. HP: 64/68 MP: 6/6
  3035 | D:4      | Found a runed translucent door.
  3041 | D:4      | Noticed tizbic2's ghost (amateur OgCj)
  3181 | D:4      | HP: 1/70 [tizbic2's ghost (12)]
  3182 | D:4      | Killed from afar by tizbic2's ghost

Illustrated notes

Levels and vault maps discovered:
D:1:      amcnicky_arrival_double_pillar, layout_loops_ring
D:2:      layout_rooms, shapermc_ecumenical_altar_acropolis, serial_shops,
          nicolae_shop_overgrown_old_shop, nicolae_shop_crystal
D:3:      layout_loops_corners, lemuel_doored_altar, serial_shops,
          nicolae_shop_statue_plus, uniq_robin, uniq_sigmund, uniq_natasha
D:4:      layout_loops_ring, mainiacjoe_overflow_paths,
          mainiacjoe_overflow_surrounded_room, okawaru_metal_pillars_1_2,
          ebering_ghost_sewer_d, st_stairs_12

Skill      XL: |  1  2  3  4  5  6  7 |
---------------+----------------------+-----
Armour         | 1 2 |  2.9
Fighting       | 3 4 |  4.0
Dodging        | 3 4 |  4.0
Unarmed Combat | 4 |  4.9
Stealth        | |  1.0

Action                   |  1- 3 |  4- 6 |  7- 9 || total
-------------------------+-------+-------+-------++-------
Melee: Unarmed           |    67 |   180 |    24 ||   271
       Punch             |       |     1 |       ||     1
Invok: Potion Petition   |       |       |     1 ||     1
 Stab: Sleeping          |     3 |     3 |       ||     6
       Distracted        |       |     2 |     1 ||     3
Armor: Robe              |    21 |    42 |     2 ||    65
Dodge: Dodged            |    41 |    60 |    10 ||   111
